 Dungeon Crawl Stone Soup version 0.29.1-13-g9f3cf754e1 (webtiles) character file.

Game seed: 15267432748554211635

65 Thatpatchoflichen the Ruffian (level 3, 0/30 HPs)
             Began as a Draconian Transmuter on Jan 29, 2023.
             Slain by an orc
             ... wielding a +0 flail
              (4 damage)
             ... on level 2 of the Dungeon.
             The game lasted 00:03:14 (2294 turns).

Thatpatchoflichen the Ruffian (DrTm)                Turns: 2294, Time: 00:03:15

Health: 0/30       AC:  5    Str: 12    XL:     3   Next: 94%
Magic:  3/6        EV: 12    Int: 15    God:
Gold:   59         SH:  0    Dex: 11    Spells: 3/6 levels left

rFire   . . .      SeeInvis .     - Unarmed
rCold   . . .      Faith    .   (no shield)
rNeg    . . .      Spirit   .   (body armour unavailable)
rPois   .          Reflect  .   (helmet currently unavailable)
rElec   .          Harm     .   (no cloak)
rCorr   .          Rampage  .   (no gloves)
Will    .....                   (boots currently unavailable)
Stlth   +.........              (no amulet)
HPRegen 0.10/turn               (no ring)
MPRegen 0.10/turn               (no ring)

@: appendages (expiring), wereblooded
A: horns 2, talons 2, AC +5, unfitting armour, cold-blooded
a: End Transformation


You were on level 2 of the Dungeon.
You had temporarily grown beastly horns and talons.
You visited 1 branch of the dungeon, and saw 3 of its levels.

You collected 59 gold pieces.

Inventory:

Missiles
 d - 3 javelins
 m - 3 boomerangs
Scrolls
 e - 2 scrolls of identify {unknown}
 h - 3 scrolls of vulnerability {unknown}
 i - 2 scrolls of teleportation {unknown}
Potions
 a - a potion of lignification
 b - 2 potions of degeneration {unknown}
 c - a potion of mutation {unknown}
 f - a potion of heal wounds {unknown}
 g - a potion of brilliance {unknown}
 j - a potion of haste {unknown}
 k - a potion of ambrosia {unknown}
 l - a potion of curing {unknown}
 n - a potion of attraction {unknown}


   Skills:
 + Level 2.4 Fighting
 - Level 2.0 Dodging
 + Level 3.6 Unarmed Combat
 - Level 2.0 Spellcasting
 + Level 2.9 Transmutations


You had 3 spell levels left.
You knew the following spells:

 Your Spells              Type           Power      Damage    Failure   Level
a - Beastly Appendage     Tmut           20%        N/A       7%          1
b - Wereblood             Tmut           10%        N/A       10%         2

Your spell library contained the following spells:

 Spells                   Type           Power      Damage    Failure   Level
 Apportation              Tloc           2%         N/A       22%         1
 Necrotise                Necr           4%         1d4       22%         1
 Summon Small Mammal      Summ           4%         N/A       22%         1
 Spider Form              Tmut/Pois      5%         N/A       36%         3
 Ice Form                 Ice/Tmut       5%         N/A       77%         4


Dungeon Overview and Level Annotations

Branches:
Dungeon (3/15)

Altars:


Innate Abilities, Weirdness & Mutations

You have temporarily grown beastly horns and talons.
Your plain brown scales are hard. (AC +5)
You cannot fit into any form of body armour.
You are cold-blooded and may be slowed by cold attacks.


Message History

There is a stone staircase leading down, spattered with blood here.
You see here a hobgoblin corpse.
You start resting.
HP restored.
You climb downwards.
The orc hits you with a +0 dagger. The kobold hits you with a +0 whip.
The orc closely misses you. The orc hits you with a +0 dagger.
The kobold completely misses you. The orc closely misses you.
There is a stone staircase leading up, spattered with blood here.
The kobold barely misses you. The orc hits you but does no damage.
The orc closely misses you.
You climb upwards.
There is a stone staircase leading down, spattered with blood here.
You see here a hobgoblin corpse.
Casting: Beastly Appendage (safe; 7% risk of failure)
Press: ? - help, Q - select action, (/) - cycle Dir - look around, f - activate You grow a pair of large bovine horns.
Your feet morph into talons.
The orc barely misses you. The orc hits you but does no damage.
The kobold barely misses you.
You barely miss the orc. Your kick misses the orc. The orc barely misses you.
The orc hits you but does no damage. The kobold closely misses you.
You barely miss the orc. The orc hits you with a +0 flail.
The orc hits you with a +0 dagger. The kobold hits you but does no damage.
You closely miss the orc. You claw the orc, but do no damage.
The orc misses you. The orc hits you with a +0 dagger.
The kobold barely misses you.
You barely miss the orc.
Your transformation is almost over.
The orc hits you with a +0 flail. The orc hits you with a +0 dagger.
* * * LOW HITPOINT WARNING * * *
The kobold closely misses you.
You closely miss the orc. Your kick misses the orc.
Casting: Beastly Appendage (safe; 7% risk of failure)
Confirm with . or Enter, or press ? or * to list all spells.
Your blood is infused with primal strength.
The orc hits you with a +0 flail.
* * * LOW HITPOINT WARNING * * *
The orc misses you. The kobold hits you but does no damage.
You completely miss the orc. The orc hits you with a +0 flail.
You die...

#...[........#
#............######
#######.####.##...### #..#
#........# ###########.##
#####'##.##
........##...### ###...#..#
.........'.⌠...###...⌠.+..#
......†.##.....o.......#..#
........####...(@[...###.##
........######.Ko..### #.#
...†.........##.⌠.## #.#
....†...######.....### #.#
###.#....###....>....###.##
###.#.####.............#..#
...........⌠...###...⌠.'..#
###.#.##.#...### ###...#..#
# #.#.#####'## ##.##.##


You could see 2 orcs and a kobold.

Vanquished Creatures
  An adder (D:2)
  3 dart slugs
  3 orcs (D:2)
  4 bats
  4 endoplasms
  2 giant cockroaches (D:1)
  2 goblins (D:1)
  3 hobgoblins
  6 jackals
  A quokka (D:2)
  2 ball pythons
  6 frilled lizards
  3 kobolds
  5 rats
45 creatures vanquished.

Notes
Turn   | Place    | Note
-------+----------+-------------------------------------------
     0 | D:1      | Thatpatchoflichen the Draconian Transmuter began the quest
                  | for the Orb.
     0 | D:1      | Reached XP level 1. HP: 16/16 MP: 3/3
   110 | D:1      | Reached XP level 2. HP: 23/23 MP: 3/5
   148 | D:1      | Learned a level 2 spell: Wereblood
   963 | D:2      | Reached XP level 3. HP: 16/29 MP: 6/6
  2294 | D:2      | Slain by an orc

Illustrated notes

Levels and vault maps discovered:
D:1:      dpeg_arrival_refuge, layout_rooms, glass_columns_a
D:2:      layout_basic, grunt_ministairs_13
D:3:      layout_rooms, minmay_cupped, uniq_crazy_yiuf_cottage

Skill      XL: |  1  2 |
---------------+-------+-----
Dodging        | 2 |  2.0
Fighting       | 2 |  2.4
Unarmed Combat | |  3.6
Spellcasting   | |  2.0
Transmutations | |  2.9

Action                   || total
-------------------------++-------
Melee: Unarmed           ||   165
       Kick              ||     5
       Headbutt          ||     2
       Tailslap          ||     7
       Punch             ||     2
 Cast: Beastly Appendage ||     4
       Wereblood         ||     1
Armor: Skin              ||    87
Dodge: Dodged            ||   156
